 Dungeon Crawl Stone Soup version 0.17-a0-854-g4a4ba72 (webtiles) character file.

63 namelastname112 the Bolt Thrower (level 3, -6/30 HPs)
             Began as a Draconian Hunter on Apr 28, 2015.
             Mangled by Grinder (8 damage)
             ... while paralysed by Grinder
             ... on level 3 of the Dungeon.
             The game lasted 00:03:24 (1867 turns).

namelastname112 the Bolt Thrower (Draconian Hunter) Turns: 1867, Time: 00:03:24

Health: -6/30      AC:  6    Str: 19    XL:     3   Next: 87%
Magic:  3/3        EV:  2    Int: 11    God:
Gold:   177        SH:  0    Dex: 12    Spells: 0 memorised, 2 levels left

rFire  . . .     SeeInvis .     b - +1 hand crossbow
rCold  . . .     Clarity  .     (armour unavailable)
rNeg   . . .     SustAb   .     (no shield)
rPois  .         Gourm    .     (helmet restricted)
rElec  .         Spirit   .     (no cloak)
rCorr  .         Warding  .     g - +0 pair of gloves
rMut   .         Stasis   .     (no boots)
MR     .....                    (no amulet)
Stlth  +.........               (no ring)
                                (no ring)

@: paralysed, mighty, not resistant to hostile enchantments, very unstealthy
A: unfitting armour, cold-blooded, AC +5
a: no special abilities


You were on level 3 of the Dungeon.
You were very hungry.

You visited 1 branch of the dungeon, and saw 3 of its levels.

You collected 177 gold pieces.

Inventory:

Hand weapons
 b - a +1 hand crossbow (weapon)
 e - a +0 spear of freezing
Missiles
 c - 40 bolts (quivered)
Armour
 g - a +0 pair of gloves (worn)
Magical devices
 k - a wand of random effects (26)
Scrolls
 f - a scroll of recharging {unknown}
 j - 5 scrolls of identify {unknown}
 l - a scroll of enchant weapon {unknown}
 m - a scroll of noise {unknown}
 n - a scroll of immolation {unknown}
 q - 3 scrolls of teleportation {unknown}
 u - a scroll of amnesia {unknown}
Potions
 h - a potion of brilliance {unknown}
 p - a potion of agility {unknown}
 r - a potion of restore abilities {unknown}
 s - a potion of curing
 t - 2 potions of degeneration {unknown}
Comestibles
 d - 3 bread rations
 i - 2 meat rations
 o - 2 fruits


   Skills:
 + Level 2.9 Fighting
 + Level 0.2 Polearms
 * Level 4.3 Crossbows
 + Level 2.4 Dodging
 - Level 0.8 Stealth


You had 2 spell levels left.
You didn't know any spells.

Dungeon Overview and Level Annotations

Branches:
Dungeon (3/15)

Altars:
Ru
Xom
The Shining One

Annotations:
D:3 Grinder


Innate Abilities, Weirdness & Mutations

Your plain brown scales are hard (AC +5).
Your body does not fit into most forms of armour.
You are cold-blooded and may be slowed by cold attacks.


Message History

It was a potion of might.
You feel very mighty all of a sudden.
Grinder says, "Don't move a muscle."
Grinder misses you.
Firing (i - inventory):
c - 41 bolts (quivered)
Press: ? - help, Shift-Dir - straight line, f/p - Grinder
Aim: Grinder (moderately wounded)
You shoot a bolt. The bolt completely misses Grinder.
Grinder hits you.
* * * LOW HITPOINT WARNING * * *
You writhe in agony. x2
Drink which item? (? for menu, Esc to quit)
It was a potion of curing.
You feel better. Grinder gestures at you.
You suddenly lose the ability to move!
Grinder hits you!
* * * LOW HITPOINT WARNING * * *
You writhe in agony.
* * * LOW HITPOINT WARNING * * *
Grinder hits you!
You die...

## .. #. #.
#.##### #.#...#
#.#.#.#.#
#..5@.#.#
#######.# #.#.#
#...###########
#.............#
############.##
#.# #.# #.#


You could see Grinder.

Vanquished Creatures
  2 adders (D:2)
  2 giant geckos
  An orc (D:3)
  3 bats
  3 giant cockroaches (D:1)
  8 goblins
  2 hobgoblins (D:1)
  A ball python (D:2)
  2 giant newts (D:1)
  11 kobolds
  7 rats
42 creatures vanquished.

Notes
Turn   | Place    | Note
--------------------------------------------------------------
     0 | D:1      | namelastname112, the Draconian Hunter, began the quest for the Orb.
     0 | D:1      | Reached XP level 1. HP: 17/17 MP: 1/1
   135 | D:1      | Reached XP level 2. HP: 19/25 MP: 2/2
   498 | D:1      | Reached skill level 4 in Crossbows
  1056 | D:2      | Reached XP level 3. HP: 26/30 MP: 3/3
  1261 | D:2      | Found a sacrificial altar of Ru.
  1752 | D:3      | Found a shimmering altar of Xom.
  1754 | D:3      | Found a glowing golden altar of the Shining One.
  1853 | D:3      | Noticed Grinder
  1865 | D:3      | Paralysed by Grinder for 5 turns
  1867 | D:3      | Mangled by Grinder

Action                   || total
-------------------------++-------
Melee: Short sword       ||    15
       Spear             ||   121
 Fire: Hand crossbow     ||     7
  Use: Potion            ||     2
 Stab: Sleeping          ||     2
  Eat: Royal jelly       ||     1
